AoeStats
← RoR | Vodka_L_2

Arabian Desert

510401295Analyzed
1v1 RM · 18h ago on Sep 30, 2026· 32m 51s· 2 players
Game mode
Random Map
Map size
Tiny (2 player)
Population
200
Speed
Normal
Resources
Standard
Victory
Conquest
Starting age
Dark Age
Ending age
Imperial Age
RankedLock teamsTeams togetherTeam positionsShared explorationLock speedFull tech treeHidden civsTurbo modeCheats
Victory
Defeat
🇹🇷 Malay · Türkiye
2598
+11
🇮🇹 Dravidians · Italy
2496
-11
RoR | Vodka_L_2
6:35 Loom
8:48 Feudal Age
8:53 Man-at-Arms
9:59 Double-Bit Axe
13:31 Fletching
20:26 Castle Age
19:17 Padded Archer Armor
19:58 Horse Collar
20:29 Elite Skirmisher
21:31 Bodkin Arrow
23:26 Ballistics
23:56 Leather Archer Armor
29:56 Bow Saw
31:29 Sanctity
KASVA
7:21 Loom
10:57 Feudal Age
10:18 Man-at-Arms
11:16 Double-Bit Axe
14:33 Fletching
17:12 Padded Archer Armor
21:58 Castle Age
20:00 Horse Collar
21:03 Scale Barding Armor
21:18 Gold Mining
22:23 Elite Skirmisher
23:21 Husbandry
23:38 Bodkin Arrow
25:31 Ballistics
25:48 Wheelbarrow
26:19 Bow Saw
29:37 Heavy Plow
29:23 Town Watch
Connection lost

Rejoining the realm…

Still unreachable

The connection could not be restored.

Session expired

The server has moved on; the page needs a fresh start.